 Dungeon Crawl Stone Soup version 0.30.1-3-gfc49f6343a (webtiles) character file.

Game seed: 8542751046536542052

2306 spardeous the Destroyer (level 8, -8/57 HPs)
             Began as a Demigod Conjurer on Aug 7, 2023.
             Mangled by Maggie
             ... wielding a +0 morningstar
              (9 damage)
             ... on level 8 of the Dungeon.
             The game lasted 00:10:22 (10182 turns).

spardeous the Destroyer (Demigod Conjurer)         Turns: 10182, Time: 00:10:23

Health: -8/57      AC: 13    Str:  8    XL:     8   Next: 97%
Magic:  6/20       EV:  4    Int: 28    God:
Gold:   555        SH:  0    Dex: 12    Spells: 12/19 levels left

rFire   . . .        (no weapon)
rCold   . . .        (no shield)
rNeg    + . .        n - +3 chain mail {rN+}
rPois   +            s - +0 helmet
rElec   .            g - +0 cloak
rCorr   .            (no gloves)
SInv    .            (no boots)
Will    +....        (no amulet) Stlth
                     t - ring of willpower
HPRegen 0.29/turn    B - ring of poison resistance
MPRegen 0.17/turn

%: no passive effects
@: very slightly contaminated
A: high MP 1, forlorn, divine attributes
a: no special abilities


You were on level 8 of the Dungeon.
You visited 1 branch of the dungeon, and saw 8 of its levels.

You collected 555 gold pieces.

Inventory:

Armour
 a - a +0 robe
 g - a +0 cloak (worn)
 m - a +0 chain mail
 n - a +3 chain mail of positive energy (worn)
 s - a +0 helmet (worn)
Jewellery
 t - a ring of willpower (left hand)
 B - a ring of poison resistance (right hand)
Wands
 u - a wand of flame (25)
 w - a wand of mindburst (8)
 x - a wand of acid (10)
Scrolls
 c - a scroll of brand weapon
 f - a scroll of amnesia
 h - a scroll of fear
 i - a scroll of silence
 j - 2 scrolls of immolation {unknown}
 o - 3 scrolls of summoning
 p - a scroll of noise
 r - a scroll of teleportation
 v - 3 scrolls of enchant armour {unknown}
 y - a scroll of magic mapping
Potions
 b - a potion of magic
 d - a potion of haste {unknown}
 e - 3 potions of brilliance {unknown}
 k - 2 potions of heal wounds {unknown}
 l - a potion of resistance
 q - 3 potions of curing
 z - a potion of might {unknown}
 A - a potion of berserk rage {unknown}


   Skills:
 - Level 1.7 Dodging
 - Level 1.7 Stealth
 + Level 6.1 Spellcasting
 - Level 10.0 Conjurations


You had 12 spell levels left.
You knew the following spells:

 Your Spells              Type           Power      Damage    Failure   Level
a - Magic Dart            Conj           100%       1d8       10%         1
b - Searing Ray           Conj           100%       2d8       16%         2
c - Iskenderun's Mystic   Conj/Tloc      36%        2d9       100%        4

Your spell library contained the following spells:

 Spells                   Type           Power      Damage    Failure   Level
 Dazzling Flash           Conj/Hex       72%        N/A       93%         3
 Slow                     Hex            32%        N/A       99%         1
 Confusing Touch          Hex            8%         N/A       100%        3
 Vampiric Draining        Necr           8%         2d6       100%        3
 Fulminant Prism          Conj/Hex       18%        3d10      100%        4


Dungeon Overview and Level Annotations

Branches:
Dungeon (8/15)             Temple (0/1) D:5
   Lair: D:8-11

Shops:
D:2 =

Annotations:
D:8 Maggie


Innate Abilities, Weirdness & Mutations

You have an increased reservoir of magic. (+10% MP)
You shall have no god before yourself.
Your divine heritage dramatically boosts your attributes as you level up.


Message History

Maggie points at you and mumbles some strange words.
The bolt of fire hits you!
* * * LOW HITPOINT WARNING * * *
You take 14 damage, and have 17/57 hp.
MASSIVE DAMAGE!!
You now have 12/20 mp.
Casting: Searing Ray (safe; 16% risk of failure)
Confirm with . or Enter, or press ? or * to list all spells.
Aiming: Searing Ray (safe; 16% risk of failure)
Press: ? - help, Shift-Dir - straight line, f/p - Maggie
Aim: Maggie, wielding a +0 morningstar and wearing +0 acid dragon scales (heavily wounded, 83% to hit)
The searing ray hits Maggie!
Maggie is heavily wounded. (Press . to maintain the ray.) Maggie gestures wildly while chanting.
Maggie attempts to bespell you! You resist with almost no effort.
Your magical contamination has completely faded away.
You now have 10/20 mp.
The searing ray hits Maggie!
Maggie is severely wounded.
Maggie hits you with a +0 morningstar!
* * * LOW HITPOINT WARNING * * *
You take 7 damage, and have 10/57 hp.
You now have 9/20 mp.
The searing ray hits Maggie.
Maggie is severely wounded.
Maggie completely misses you.
The searing ray hits Maggie!
Maggie is almost dead.
You finish channelling your searing ray.
Maggie hits you with a +0 morningstar!
* * * LOW HITPOINT WARNING * * *
You take 10 damage, and have 1/57 hp.
You now have 8/20 mp.
Unknown command.
Casting: Searing Ray (safe; 16% risk of failure)
Confirm with . or Enter, or press ? or * to list all spells.
Aiming: Searing Ray (safe; 16% risk of failure)
Press: ? - help, Shift-Dir - straight line, f/p - Maggie
Aim: Maggie, wielding a +0 morningstar and wearing +0 acid dragon scales (almost dead, 83% to hit)
You miscast Searing Ray.
You are very lightly contaminated with residual magic.
Nothing appears to happen.
Maggie hits you with a +0 morningstar!
You die...

## ####.# #.. .. ..#.# #.# .#
#.#.# #.# ..# #.#.###### #.#
###..### #....#... #.# #..
....##......# #.#
#.#..##......@..# #.###.#..#
#@# #<.......### #.# .
#####.#...... #.# .##
#...###### ##'## ..# #...#
##...## #.# #...# ##.....##
####.# #.#.## #.......##
##.##.#
#....####.........####...#.###
#......>+.........'...........


You could see Maggie.

Vanquished Creatures
  Sigmund (D:3)
  A wyvern (D:7)
  An orc warrior (D:7)
  An ice beast (D:5)
  A sky beast (D:7)
  2 ogres
  A centaur (D:7)
  3 bullfrogs
  4 scorpions
  A water moccasin zombie (D:5)
  A hound (D:4)
  5 orc priests
  2 jellies
  2 gnoll boudas
  Terence (D:3)
  9 orc wizards
  3 iguanas
  A sleepcap (D:4)
  The ghost of jujuben the Covert, a weakling GnDe (D:5)
  Robin (D:3)
  11 gnolls
  A howler monkey zombie (D:5)
  6 adders
  A white imp (D:5)
  3 ufetubi
  5 worms
  4 dart slugs
  19 orcs
  7 ball pythons
  9 endoplasms
  7 giant cockroaches
  9 hobgoblins
  2 jackals (D:1)
  3 quokkas
  6 bats
  2 frilled lizards
  14 goblins
  8 kobolds
  4 rats
163 creatures vanquished.

Notes
Turn   | Place    | Note
-------+----------+-------------------------------------------
     0 | D:1      | spardeous the Demigod Conjurer began the quest for the Orb.
     0 | D:1      | Reached XP level 1. HP: 14/14 MP: 5/5
   304 | D:1      | Reached XP level 2. HP: 20/20 MP: 2/7
   585 | D:1      | Reached skill level 4 in Conjurations
  1190 | D:1      | Reached XP level 3. HP: 23/26 MP: 2/9
  1196 | D:1      | Learned a level 2 spell: Searing Ray
  1801 | D:2      | Found Weepneh's Jewellery Shoppe.
  2334 | D:2      | Reached XP level 4. HP: 33/33 MP: 3/11
  2920 | D:3      | Noticed Robin
  2926 | D:3      | Killed Robin
  3082 | D:3      | Reached skill level 5 in Conjurations
  3174 | D:3      | Noticed Terence
  3254 | D:3      | Killed Terence
  3255 | D:3      | Reached XP level 5. HP: 25/38 MP: 0/12
  3695 | D:3      | Noticed Sigmund
  3700 | D:3      | Killed Sigmund
  3701 | D:3      | Reached skill level 6 in Conjurations
  3701 | D:3      | Reached XP level 6. HP: 45/45 MP: 6/13
  4249 | D:4      | Reached skill level 7 in Conjurations
  4697 | D:4      | Reached XP level 7. HP: 50/50 MP: 8/14
  5090 | D:4      | Reached skill level 8 in Conjurations
  5474 | D:5      | Entered Level 5 of the Dungeon
  5617 | D:5      | Found a runed translucent gate.
  5617 | D:5      | Found a runed translucent gate.
  5617 | D:5      | Found a runed translucent gate.
  5617 | D:5      | Noticed jujuben's ghost (weakling GnDe)
  5869 | D:5      | Found a staircase to the Ecumenical Temple.
  6240 | D:5      | Reached skill level 9 in Conjurations
  6945 | D:5      | Learned a level 4 spell: Iskenderun's Mystic Blast
  6950 | D:5      | Killed jujuben's ghost
  7272 | D:6      | Reached XP level 8. HP: 44/57 MP: 5/15
  8171 | D:6      | Reached skill level 10 in Conjurations
  9170 | D:7      | Reached skill level 5 in Spellcasting
 10167 | D:8      | Noticed Maggie
 10181 | D:8      | HP: 1/57 [Maggie/+0 morningstar (10)]
 10182 | D:8      | Mangled by Maggie

Illustrated notes

Levels and vault maps discovered:
D:1:      lemuel_arrival_funnel, layout_basic, minmay_tromino_i4
D:2:      layout_loops_ring, basic_altar, serial_shops, shop, grunt_ministairs_2
D:3:      layout_loops_ring, amcnicky_altar_gilded, uniq_robin, uniq_sigmund,
          uniq_terence
D:4:      layout_basic, mainiacjoe_overflow_alcove_4, minmay_surrounded
D:5:      layout_loops_cross, nicolae_yredelemnul_ghost_church,
          fedhas_ov_isle_minmay, lemuel_temple_firewalk_b
D:6:      layout_gridville, hangedman_decor_clover_reticule
D:7:      layout_rooms, grunt_temple_overflow_bloody_war
D:8:      layout_loops_corners, mainiacjoe_overflow_24_doors, uniq_grum,
          uniq_maggie, uniq_erica

Skill      XL: |  1  2  3  4  5  6  7  8 |
---------------+-------------------------+-----
Spellcasting   | 2 3 6 |  6.1
Conjurations   | 4 5 6 7 9 10 | 10.0
Dodging        | |  1.7
Stealth        | |  1.7

Action                     |  1- 3 |  4- 6 |  7- 9 || total
---------------------------+-------+-------+-------++-------
   Cast: Magic Dart        |   105 |    94 |    97 ||   296
         Searing Ray       |       |    12 |    42 ||    54
    Use: Scroll            |       |       |    13 ||    13
         Potion            |       |       |     1 ||     1
 Armour: Robe              |     3 |    10 |     3 ||    16
         Chain mail        |       |       |    78 ||    78
  Dodge: Dodged            |     6 |    22 |    35 ||    63
